 Dungeon Crawl Stone Soup version 0.30-a0-743-gbfdf073431 (webtiles) character file.

Game seed: 8576028711760813566

1246 BigDaddyOpFi the Digger (level 8, -5/31 HPs)
             Began as a Felid Earth Elementalist on Feb 3, 2023.
             Shot with an arrow by a centaur (10 damage)
             ... on level 7 of the Dungeon on Feb 6, 2023.
             The game lasted 00:16:49 (13817 turns).

BigDaddyOpFi the Digger (Felid Earth Elementalist) Turns: 13817, Time: 00:16:50

Health: -5/31      AC:  2    Str:  4    XL:     8   Next: 25%
Magic:  3/19       EV: 18    Int: 18    God:
Gold:   401        SH:  0    Dex: 17    Spells: 12/20 levels left
                                        Lives:  0   Deaths: 2

rFire   x . .      SeeInvis +    (weapon unavailable)
rCold   + . .      Faith    .    (shield unavailable)
rNeg    . . .      Spirit   .    (body armour unavailable)
rPois   .          Reflect  .    (helmet unavailable)
rElec   .          Harm     .    (cloak unavailable)
rCorr   .          Rampage  .    (gloves unavailable)
Will    +....                    (boots unavailable)
Stlth   ++                       y - amulet of regeneration
HPRegen 1.05/turn                s - ring of ice
MPRegen 0.16/turn                x - ring of flight

@: flying, quick
A: very small, claws 1, fangs 3, see invisible, speed 1, shaggy fur 2, stealthy
paws, no weapons or thrown items, no armour, multi-lived
a: no special abilities


You were on level 7 of the Dungeon.
You visited 2 branches of the dungeon, and saw 9 of its levels.
You also visited: Sewer.

You collected 401 gold pieces.

Inventory:

Jewellery
 s - a ring of ice (left paw)
 x - a ring of flight (right paw)
 y - an amulet of regeneration (around neck)
Wands
 m - a wand of mindburst (3) (quivered)
 n - a wand of charming (7)
 t - a wand of polymorph (7)
 w - a wand of flame (24)
Scrolls
 b - 2 scrolls of identify
 f - 7 scrolls of teleportation
 h - 3 scrolls of fog
 j - 2 scrolls of noise
 o - a scroll of blinking
 r - a scroll of fear
 v - a scroll of amnesia {unknown}
Potions
 a - a potion of heal wounds {unknown}
 c - a potion of flight {unknown}
 d - 2 potions of magic
 e - 2 potions of degeneration
 g - a potion of attraction {unknown}
 i - a potion of ambrosia {unknown}
 k - 2 potions of might
 l - 2 potions of cancellation {unknown}
 p - 2 potions of resistance {unknown}
 q - a potion of lignification {unknown}
 u - a potion of mutation {unknown}


   Skills:
 - Level 3.0 Dodging
 - Level 3.1 Stealth
 + Level 6.9 Spellcasting
 + Level 6.4 Conjurations
 - Level 1.5 Transmutations
 + Level 7.2 Earth Magic


You had 12 spell levels left.
You knew the following spells:

 Your Spells              Type           Power      Damage    Failure   Level
a - Sandblast             Erth           64%        2d14      1%          1
b - Petrify               Tmut/Erth      22%        N/A       19%         4
c - Stone Arrow           Conj/Erth      60%        3d10      1%          3

Your spell library contained the following spells:

 Spells                   Type           Power      Damage    Failure   Level
 Passwall                 Tmut/Erth      18%        N/A       2%          2
 Ensorcelled Hibernation  Hex/Ice        18%        N/A       17%         2
 Spider Form              Tmut/Pois      8%         N/A       24%         3
 Anguish                  Hex/Necr       3%         N/A       73%         4
 Lehudib's Crystal Spear  Conj/Erth      15%        10d5      100%        8
 Animate Armour           Summ/Erth      Unusable   N/A       N/A         4

Dungeon Overview and Level Annotations

Branches:
Dungeon (8/15)             Temple (1/1) D:7           Sewer (visited)
   Lair: D:8-11

Altars:
Ashenzari
Dithmenos
Elyvilon
Fedhas
Gozag
Hepliaklqana
Kikubaaqudgha
Nemelex Xobeh
Okawaru
Qazlal
Ru
Trog
Uskayaw
Wu Jian
Xom
Yredelemnul
The Shining One

Shops:
D:5 :


Innate Abilities, Weirdness & Mutations

You have sharp claws.
You have razor-sharp teeth.
You have supernaturally acute eyesight. (SInv)
You cover ground quickly. (Speed+)
You are covered in thick fur. (AC +2)
Your paws help you pounce on unaware monsters.
You are incapable of wielding weapons or throwing items.
You cannot wear armour.
You gain extra lives every three experience levels.


Message History

Aiming: Sandblast (safe; 1% risk of failure)
Press: ? - help, Shift-Dir - straight line, f/p - orc warrior
Aim: an orc warrior, wielding a +0 mace and wearing a +0 plate armour (moderately wounded, 84% to hit)
The blast of sand hits the orc warrior but does no damage.
The orc warrior is moderately wounded.
The orc wizard gestures at you while chanting.
The magic dart hits you!
The orc throws a boomerang.
The boomerang misses you.
You don't have enough magic to cast this spell.
Aiming: Mindburst
Press: ? - help, Q - select action, (/) - cycle Shift-Dir - straight line, f - centaur, p - orc warrior
Aim: a centaur, wielding a +0 shortbow (wandering, hasn't noticed you, chance to affect: 64%)
The centaur shouts!
The centaur's mind is blasted!
The centaur shoots an arrow.
The arrow misses you.
Aiming: Mindburst
Press: ? - help, Q - select action, (/) - cycle Shift-Dir - straight line, f/p - centaur
Aim: a centaur, wielding a +0 shortbow (severely wounded, chance to affect: 64%)
The centaur struggles to resist.
The centaur shoots an arrow.
The arrow barely misses you.
The orc throws a boomerang.
The boomerang hits the orc wizard but does no damage.
The centaur shoots an arrow.
The arrow barely misses you.
The arrow barely misses the orc warrior.
Aiming: Mindburst
Press: ? - help, Q - select action, (/) - cycle Shift-Dir - straight line, f/p - centaur
Aim: a centaur, wielding a +0 shortbow (severely wounded, chance to affect: 64%)
The centaur struggles to resist.
The centaur shoots an arrow.
The arrow hits you!
The orc warrior hits you with a +0 mace!
Aiming: Mindburst
Press: ? - help, Q - select action, (/) - cycle Shift-Dir - straight line, f/p - centaur
Aim: a centaur, wielding a +0 shortbow (severely wounded, chance to affect: 64%)
The centaur struggles to resist.
The centaur shoots an arrow.
The arrow completely misses you.
The arrow hits the orc warrior!
The orc warrior hits you with a +0 mace!
* * * LOW HITPOINT WARNING * * *
The centaur shoots an arrow.
The arrow hits you!
You die...

## .#####################
.#..............#....#
.#..............#....#
.'.?............#....###
.#..........c...@o.....#
.#...........≈≈≈≈≈≈≈≈≈.#
.#...........≈...o)..§.#
.#...##÷.....§.#####o≈.#
.#'####...##.≈.#.......#
.#...##...##.≈.#._.#.§.#
.#........'..≈.....#.≈.##
.#........#..≈.#####.≈..#
.#...##...#..≈.......≈..#


You could see an orc warrior, a centaur, an orc wizard (invisible) and an orc.

Vanquished Creatures
  3 yaks (D:8)
  2 water moccasins (D:6)
  A black bear (D:5)
  A sky beast (D:6)
  2 ice beasts
  2 phantoms
  3 necrophages
  4 bullfrogs
  A kobold brigand (D:6)
  A scorpion (D:7)
  A wight (D:8)
  4 crimson imps (D:4)
  5 hounds
  3 orc priests
  Crazy Yiuf (D:6)
  3 iguanas
  3 gnolls (D:6)
  12 adders
  4 river rats (Sewer)
  2 shadow imps
  3 white imps (D:6)
  An ufetubus (D:5)
  A worm (D:3)
  2 dart slugs
  12 orcs
  11 endoplasms
  4 giant cockroaches
  5 goblins
  8 hobgoblins
  4 jackals (D:2)
  3 quokkas
  16 ball pythons
  9 bats
  4 frilled lizards
  5 kobolds
  30 rats
176 creatures vanquished.

Vanquished Creatures (others)
  A wizard (D:5)
  2 bushes (D:8)
  20 fungi
  28 plants
51 creatures vanquished.

Grand Total: 227 creatures vanquished

Notes
Turn   | Place    | Note
-------+----------+-------------------------------------------
     0 | D:1      | BigDaddyOpFi the Felid Earth Elementalist began the quest
                  | for the Orb.
     0 | D:1      | Reached XP level 1. HP: 7/7 MP: 4/4
   263 | D:1      | Reached XP level 2. HP: 11/11 MP: 4/6
  1058 | D:2      | Reached skill level 3 in Earth Magic
  1174 | D:2      | Reached XP level 3. HP: 14/14 MP: 5/7
  1307 | D:2      | Found a broken altar of Ashenzari.
  1555 | D:2      | Reached skill level 1 in Conjurations
  2245 | D:3      | Reached XP level 4. HP: 18/18 MP: 6/9
  2250 | D:3      | Learned a level 4 spell: Petrify
  2254 | D:3      | Learned a level 3 spell: Stone Arrow
  2333 | D:3      | Found a sparkling altar of Nemelex Xobeh.
  2621 | D:3      | Reached XP level 5. HP: 21/21 MP: 5/10
  2692 | D:3      | Found a sacrificial altar of Ru.
  3263 | D:4      | Reached skill level 4 in Earth Magic
  3308 | D:4      | Found a shimmering altar of Xom.
  3468 | D:4      | Found an ornate altar of the Wu Jian Council.
  3474 | D:4      | Found a stormy altar of Qazlal.
  3480 | D:4      | Gained mutation: You are covered in thick fur. (AC +2)
                  | [Felid growth]
  3480 | D:4      | Reached XP level 6. HP: 24/24 MP: 4/12
  3554 | D:4      | Found an opulent altar of Gozag.
  4567 | D:4      | Reached XP level 7. HP: 27/27 MP: 11/14
  4642 | D:4      | Found a hazy altar of Hepliaklqana.
  5194 | D:5      | Entered Level 5 of the Dungeon
  5196 | D:5      | Identified the +1 robe of Sif Muna's Castigation {Fly}
  5198 | D:5      | Identified the +0 short sword "Aubergine" {drain, MP-9
                  | Dex+8}
  5237 | D:5      | Found a glowing drain.
  5247 | Sewer    | Entered a sewer
  6442 | Sewer    | Reached skill level 5 in Earth Magic
  7797 | D:5      | Found Vuemeg's Book Emporium.
  7811 | D:5      | Reached skill level 5 in Spellcasting
  8060 | D:5      | Upgraded the game from 0.30-a0-738-g116ff8c4af to
                  | 0.30-a0-743-gbfdf073431
  8129 | D:5      | Reached XP level 8. HP: 31/31 MP: 0/16
  8493 | D:5      | Found a bloodstained altar of Trog.
  8500 | D:5      | Noticed a wizard
  8502 | D:5      | Killed a wizard
 10844 | D:6      | Slain by a sky beast
 10845 | D:6      | Reached XP level 7. HP: -2/27 MP: 10/16
 10851 | D:6      | Reached skill level 5 in Conjurations
 10851 | D:6      | Reached skill level 6 in Earth Magic
 10997 | D:6      | Found a runed translucent door.
 10998 | D:6      | Noticed Crazy Yiuf
 11015 | D:6      | Killed Crazy Yiuf
 11573 | D:6      | Reached XP level 8. HP: 13/31 MP: 0/18
 12444 | D:7      | Noticed a hornet
 12731 | D:7      | Found an ancient bone altar of Kikubaaqudgha.
 12740 | D:7      | Shot with an arrow by a centaur
 12741 | D:7      | Reached XP level 7. HP: 0/27 MP: 14/17
 12742 | D:7      | Found a basalt altar of Yredelemnul.
 12925 | D:7      | Found a staircase to the Ecumenical Temple.
 12938 | Temple   | Entered the Ecumenical Temple
 13213 | D:8      | Noticed a yak
 13213 | D:8      | Noticed a yak
 13213 | D:8      | Noticed a yak
 13213 | D:8      | Noticed a yak
 13531 | D:8      | Killed a yak
 13532 | D:8      | Reached skill level 7 in Earth Magic
 13695 | D:8      | Noticed a yak
 13720 | D:8      | Killed a yak
 13721 | D:8      | Reached XP level 8. HP: 31/31 MP: 6/19
 13817 | D:7      | Shot with an arrow by a centaur

Illustrated notes

Levels and vault maps discovered:
D:1:      dpeg_arrival_central, layout_rooms, serial_forest,
          infiniplex_forest_fountain, infiniplex_forest_clump_long,
          infiniplex_forest_lined_3, infiniplex_forest_join,
          infiniplex_forest_side_room
D:2:      layout_basic, basic_altar
D:3:      layout_basic, marbit_many_paths, mainiacjoe_overflow_chevrons
D:4:      layout_layer_cave, mainiacjoe_overflow_catwalk, led_xom_imps,
          old_standard_altar, pdpol_wu_jian_five_deadly_venoms,
          lemuel_round_altar
D:5:      layout_cave_pods, trog_wizard, cheibrodos_sewer_entry_sluice,
          serial_shops, nicolae_shop_waterfront
D:6:      layout_cave_pools, minmay_misc_feat_square, dreamdust_gnoll_farm,
          uniq_crazy_yiuf_cottage
D:7:      layout_gridville, mainiacjoe_overflow_paths,
          mainiacjoe_overflow_brackets, minmay_temple_entry_overgrown,
          serial_bayou_pond_a
D:8:      layout_basic, overflow_temple_1_default, grunt_temple_overflow_open,
          minmay_lair_entry_grove, minmay_misc_feat_ornament,
          dreamdust_mushroom_princess, uniq_joseph, uniq_maurice, uniq_erica
Temple:   hellmonk_temple_rainy

Skill      XL: |  1  2  3  4  5  6  7 |
---------------+----------------------+-----
Stealth        | 3 |  3.1
Dodging        | 3 |  3.0
Earth Magic    | 3 4 7 |  7.2
Conjurations   | 1 2 3 6 |  6.4
Spellcasting   | 3 4 6 |  6.9
Transmutations | |  1.5

Action                     |  1- 3 |  4- 6 |  7- 9 || total
---------------------------+-------+-------+-------++-------
  Melee: Unarmed           |    22 |     1 |    39 ||    62
         Bite              |     3 |     1 |     6 ||    10
         Punch             |       |       |     1 ||     1
   Cast: Sandblast         |    62 |    47 |   114 ||   223
         Stone Arrow       |       |    19 |    68 ||    87
         Petrify           |       |       |     8 ||     8
  Evoke: Wand              |       |       |     4 ||     4
    Use: Scroll            |     7 |       |     7 ||    14
         Potion            |     1 |       |     4 ||     5
   Stab: Sleeping          |     1 |       |       ||     1
         Petrified         |       |       |     1 ||     1
 Armour: Skin              |     3 |     2 |    23 ||    28
  Dodge: Dodged            |    60 |    28 |   202 ||   290

Table legend: (Time is in decaauts)
 A = Elapsed time spent in this place.
 B = Non-inter-level travel time spent in this place.
 C = Inter-level travel time spent in this place.
 D = Time resting spent in this place.
 E = Time spent auto-exploring this place.
 F = Levels seen in this place.
 G = Mean time per level.
                   A        B        C        D        E       F      G
               +--------+--------+--------+--------+--------+-----+--------+
         Total |  13051 |  12959 |     92 |   6498 |   4649 |  10 | 1305.1 |
       Dungeon |  11014 |  10922 |     92 |   4993 |   4476 |   8 | 1376.8 |
        Temple |     17 |     17 |      0 |      0 |      2 |   1 |   17.0 |
         Sewer |   2020 |   2020 |      0 |   1504 |    170 |   1 | 2020.0 |
               +--------+--------+--------+--------+--------+-----+--------+

Top non-repeatable levels by time:
     D:5: 2764 daAuts
     D:6: 2092 daAuts
   Sewer: 2020 daAuts
     D:4: 1509 daAuts
     D:3: 1160 daAuts
     D:2: 1137 daAuts
     D:1: 877 daAuts
     D:7: 866 daAuts
     D:8: 606 daAuts
  Temple: 17 daAuts
